 Dungeon Crawl Stone Soup version 0.20.1-1-g8b1a95d66d (webtiles) character file.

238 Ivernyr the Ogre Mage (level 6, -10/61 HPs)
             Began as an Ogre Wizard on Dec 15, 2017.
             Killed by divine providence
             ... invoked by an orc priest
              (16 damage)
             ... on level 3 of the Dungeon.
             The game lasted 00:15:39 (4566 turns).

Ivernyr the Ogre Mage (Ogre Wizard)                 Turns: 4566, Time: 00:15:40

Health: -10/61     AC:  3    Str: 12    XL:     6   Next: 7%
Magic:  12/15      EV:  9    Int: 21    God:
Gold:   83         SH:  0    Dex:  7    Spells: 8/17 levels left

rFire    . . .     SeeInvis .   l - +3 spear
rCold    . . .     Gourm    .   (no shield)
rNeg     . . .     Faith    .   a - +0 robe
rPois    .         Spirit   .   (helmet restricted)
rElec    .         Reflect  .   (no cloak)
rCorr    .         Harm     .   (gloves unavailable)
MR       .....                  (boots unavailable)
Stlth    +.........             (no amulet)
Regen    0.2/turn               (no ring)
MPRegen  0.2/turn               (no ring)

@: very slightly contaminated, drained
A: unfitting armour, tough skin 1
a: no special abilities


You were on level 3 of the Dungeon.
You were not hungry.

You visited 1 branch of the dungeon, and saw 3 of its levels.

You collected 83 gold pieces.

Inventory:

Hand Weapons
 l - a +3 spear (weapon)
Armour
 a - a +0 robe (worn)
Scrolls
 g - a scroll of blinking {unknown}
 h - 3 scrolls of identify {unknown}
 j - 2 scrolls of remove curse {unknown}
Potions
 e - a potion of brilliance {unknown}
 i - 2 potions of mutation {unknown}
 m - a potion of heal wounds
Books
 c - a book of Minor Magic

   Spells                             Type                      Level
   a - Magic Dart                     Conjuration                  1
   b - Blink                          Translocation                2
   c - Call Imp                       Summoning                    2
   d - Slow                           Hexes                        2
   e - Conjure Flame                  Conjuration/Fire             3
   f - Mephitic Cloud                 Conjuration/Poison/Air       3
 o - a book of Misfortune

   Spells                             Type                      Level
   a - Confusing Touch                Hexes                        1
   b - Confuse                        Hexes                        3
   c - Gell's Gravitas                Translocation                3
   d - Petrify                        Transmutation/Earth          4
   e - Metabolic Englaciation         Hexes/Ice                    5
   f - Yara's Violent Unravelling     Hexes/Transmutation          5
Comestibles
 b - 2 meat rations
 d - 2 bread rations
 f - a fruit
 k - 2 royal jellies
 n - a chunk of flesh


   Skills:
 + Level 3.0(2.4) Fighting
 - Level 2.0(1.4) Dodging
 - Level 1.4(0.8) Stealth
 * Level 6.0(5.4) Spellcasting
 + Level 2.5(1.9) Conjurations
   Level 0.8(0.3) Summonings
 - Level 0.8(0.3) Translocations


You had 8 spell levels left.
You knew the following spells:

 Your Spells              Type           Power        Failure   Level  Hunger
a - Magic Dart            Conj           ##..         4%          1    None
b - Blink                 Tloc           N/A          14%         2    None
c - Conjure Flame         Conj/Fire      #.......     21%         3    ##.....
d - Mephitic Cloud        Conj/Pois/Air  #.......     24%         3    ##.....


Dungeon Overview and Level Annotations

Branches:
Dungeon (3/15)

Altars:

Annotations:
D:3 Jessica


Innate Abilities, Weirdness & Mutations

You are too large for most types of armour.
You have tough skin. (AC +1)


Message History

You struggle to resist.
The orc priest invokes the aid of Beogh against you.
You struggle to resist.
A kobold comes into view.
The kobold shouts!
You hit the kobold.
The kobold is severely wounded.
The kobold closely misses you.
You closely miss the kobold.
The kobold is severely wounded.
The kobold barely misses you.
The orc priest calls down the wrath of Beogh upon you.
Pain shoots through your body!
* * * LOW HITPOINT WARNING * * *
You puncture the kobold!
You kill the kobold!
You see here a kobold corpse.
The orc priest mumbles some strange prayers to Beogh against you.
Beogh smites you!
You die...

.##.####..#.####..# #
##.)..#.o..# # #. ##.....##.#
. #.# ###....#.# ##. #.#
###.##.#.# #.. #.#
####oo(##.#o###.# #.#
#....#.##....##.#
#.######.###g####.#####o.#.#
#..........@)####.. ##...#
#?#####..............###..o.
###.#####..(.#.######.........
#.........(.##..# ...........
#.........#.....###.#..#......
#.........##........## #......
#...(..............###...#.###
#.........#................#
#.........#............#....


You could see 2 orc priests and a goblin.

Vanquished Creatures
  An ogre (D:3)
  Ijyb (D:2)
  A hound skeleton (D:3)
  An adder (D:2)
  3 gnolls (D:3)
  An ooze (D:3)
  3 worms
  2 dart slugs
  5 leopard geckos
  3 orcs
  3 ball pythons
  4 giant cockroaches
  5 hobgoblins
  2 jackals
  3 bats (D:2)
  4 frilled lizards
  6 goblins
  11 kobolds
  6 rats
65 creatures vanquished.

Notes
Turn   | Place    | Note
-------+----------+-------------------------------------------
     0 | D:1      | Ivernyr the Ogre Wizard began the quest for the Orb.
     0 | D:1      | Reached XP level 1. HP: 16/16 MP: 5/5
    31 | D:1      | Reached skill level 1 in Conjurations
   545 | D:1      | Reached XP level 2. HP: 24/24 MP: 2/6
   680 | D:1      | Reached skill level 4 in Spellcasting
  1432 | D:2      | Learned a level 2 spell: Blink
  1479 | D:2      | Reached XP level 3. HP: 32/32 MP: 5/8
  1595 | D:2      | Reached skill level 1 in Fighting
  2089 | D:2      | Learned a level 3 spell: Conjure Flame
  2102 | D:2      | Learned a level 3 spell: Mephitic Cloud
  2535 | D:3      | Noticed Ijyb
  2535 | D:3      | Noticed an ogre
  2544 | D:2      | Paralysed by Ijyb for 6 turns
  2559 | D:2      | Paralysed by Ijyb for 4 turns
  2592 | D:2      | Paralysed by Ijyb for 7 turns
  2602 | D:2      | Paralysed by Ijyb for 7 turns
  2843 | D:2      | Killed Ijyb
  2843 | D:2      | Reached XP level 4. HP: 10/42 MP: 0/10
  3135 | D:3      | Noticed Jessica
  3472 | D:2      | Reached skill level 5 in Spellcasting
  3943 | D:3      | Killed an ogre
  3943 | D:3      | Reached XP level 5. HP: 33/50 MP: 0/13
  4339 | D:3      | Reached skill level 6 in Spellcasting
  4339 | D:3      | Reached XP level 6. HP: 35/59 MP: 0/15
  4566 | D:3      | Killed from afar by an orc priest

Skill      XL: |  1  2  3  4  5  6 |
---------------+-------------------+-----
Conjurations   | 1 2 |  2.5
Dodging        | 2 |  2.0
Spellcasting   | 4 5 6 |  6.0
Fighting       | 1 2 3 |  3.0
Stealth        | |  1.4
Summonings     | |  0.8
Translocations | |  0.8

Action                   |  1- 3 |  4- 6 || total
-------------------------+-------+-------++-------
Melee: Unarmed           |    12 |       ||    12
       Spear             |   102 |   103 ||   205
 Cast: Magic Dart        |    68 |    70 ||   138
       Conjure Flame     |     5 |     5 ||    10
       Blink             |     3 |     2 ||     5
  Eat: Chunk             |     3 |     7 ||    10
       Fruit             |     2 |       ||     2
Armor: Robe              |    28 |    32 ||    60
Dodge: Dodged            |    47 |    82 ||   129
